AoeStats
← [Massa] Edo

African Clearing

505579895Analyzed
2v2 RM · 24d ago on Sep 10, 2026· 24m 0s· 4 players
Game mode
Random Map
Map size
Medium (4 player)
Population
200
Speed
Normal
Resources
Standard
Victory
Conquest
Starting age
Dark Age
Ending age
Imperial Age
RankedLock teamsTeams togetherTeam positionsShared explorationLock speedFull tech treeHidden civsTurbo modeCheats
Victory
Defeat
🇧🇷 Mongols · Brazil
1472
+16
🇧🇷 Aztecs · Brazil
1424
+18
🇦🇷 Khmer · Argentina
1540
-21
🇦🇷 Wei · Argentina
1382
-13
[Massa] Edo
11:43 Feudal Age
13:08 Loom
16:06 Castle Age
14:33 Double-Bit Axe
17:31 Bow Saw
17:17 Horse Collar
18:04 Town Watch
tg
8:00 Loom
13:52 Feudal Age
17:38 Castle Age
16:00 Double-Bit Axe
19:04 Town Watch
20:33 Bow Saw
20:58 Horse Collar
__24_Thorfin_Arg
5:10 Loom
13:08 Feudal Age
17:21 Castle Age
15:34 Fletching
16:23 Double-Bit Axe
18:04 Bodkin Arrow
18:30 Padded Archer Armor
19:06 Town Watch
_38_VirusBox_Arg
12:10 Feudal Age
10:26 Loom
12:56 Double-Bit Axe
22:08 Castle Age
20:20 Horse Collar
22:10 Forging
23:16 Wheelbarrow
23:14 Bow Saw
Connection lost

Rejoining the realm…

Still unreachable

The connection could not be restored.

Session expired

The server has moved on; the page needs a fresh start.